AoeStats
← b站江条

Arabia

505816514Analyzed
1v1 RM · 21d ago on Sep 11, 2026· 23m 30s· 2 players
Game mode
Random Map
Map size
Tiny (2 player)
Population
200
Speed
Normal
Resources
Standard
Victory
Conquest
Starting age
Dark Age
Ending age
Imperial Age
RankedLock teamsTeams togetherTeam positionsShared explorationLock speedFull tech treeHidden civsTurbo modeCheats
Victory
Defeat
🇨🇳 Maya · China
1378
+15
🇨🇴 Magyars · Colombia
1354
-15
sebastianschatzp
6:06 Loom
8:46 Feudal Age
9:21 Double-Bit Axe
17:44 Fletching
25:32 Castle Age
b站江条
0:25 Loom
8:24 Feudal Age
11:55 Double-Bit Axe
16:07 Fletching
16:06 Horse Collar
22:29 Castle Age
21:26 Padded Archer Armor
21:18 Gold Mining
22:46 Crossbowman
23:32 Bodkin Arrow
Connection lost

Rejoining the realm…

Still unreachable

The connection could not be restored.

Session expired

The server has moved on; the page needs a fresh start.